cohdb
Replays
Latest Replays
All Replays
Popular Replays
Top Player Replays
Match Explorer
How It Works
Community
CoH3 Stats
Reddit
Sign in to upload your games and track your stats! →
Sign in with Steam
Match 45369995
Unlisted
Match 45369995
Overview
Messages
Build Orders
End
Scout Squad
Construct Weapon Support Center
M1919 Machine Gun Team
Selects Airborne Battlegroup
Selects Pathfinders
M1919 Machine Gun Team
Sniper
Selects Paratrooper Squad Paradrop
Paratrooper Squad Paradrop
Bazooka Squad
Construct Medical Station
Improved M9 Bazooka Rockets
Selects Smoke Bombing Run
Selects Anti-tank Gun Team Paradrop
Paratrooper Squad Paradrop
Polka_Pete
HatMustang
0
0
Comments
sign in to comment!
No comments posted yet!